 Dungeon Crawl Stone Soup version 0.31-a0-1074-g0b22e4e0f1 (webtiles) character file.

Game seed: 9584380346245558895

62108 croobank the Covert (level 14, -3/111 HPs)
             Began as a Demonspawn Ice Elementalist on Dec 6, 2023.
             Was a High Priest of Ignis.
             Slain by Agnes
             ... wielding a +1 vampiric lajatang
              (18 damage)
             ... on level 14 of the Dungeon.
             The game lasted 01:27:18 (29257 turns).

croobank the Covert (Demonspawn Ice Elementalist)  Turns: 29257, Time: 01:27:19

Health: -3/111     AC: 12    Str: 10    XL:     14   Next: 63%
Magic:  0/27       EV: 20    Int: 20    God:    Ignis [*****.]
Gold:   1477       SH:  0    Dex: 23    Spells: 12/32 levels left

rFire   + + +        r - +5 broad axe (flame)
rCold   . . .        (no shield)
rNeg    + . .        Q - +1 robe of the Solstice {Archmagi}
rPois   .            U - +2 helmet
rElec   +            z - +2 cloak of the Thief {*Fog Slay-2 SInv Stlth+}
rCorr   .            (no gloves)
SInv    +            p - +2 pair of boots
Will    +....        c - amulet of Qiagaad {Spirit rElec rF+ rN+ Dex+3}
Stlth   +++++++++    o - ring of protection from fire
HPRegen 0.38/turn    t - +4 ring of slaying
MPRegen 0.20/turn

%: guardian spirit, archmagi
@: mighty, confusing by touch, swift (expiring), on blink cooldown, hasted, very
quick
A: thin skeletal structure 3, powered by pain 2, spiny 1, weakness stinger 2
a: Renounce Religion, Fiery Armour, Foxfire Swarm, Rising Flame


You were on level 14 of the Dungeon.
You worshipped Ignis.
Ignis was extremely pleased with you.
You visited 2 branches of the dungeon, and saw 19 of its levels.
You also visited: Gauntlet.

You collected 1499 gold pieces.
You spent 22 gold pieces at shops.

Inventory:

Hand Weapons
 b - a +9 flail of chaos
 m - the +12 glaive of Prune {freeze, Prune}
   (You found it in a Gauntlet)

   Prune:     It halves damage taken while paralysed, petrified or unconscious.
 r - a +5 broad axe of flaming (weapon)
 I - the +9 rapier "Qyod" {antimagic, rN+ Str+3}
   (You found it on level 5 of the Dungeon)

   Str+3:     It affects your strength (+3).
   rN+:       It protects you from negative energy.
Missiles
 n - 15 javelins
 q - 5 throwing nets (quivered)
 E - 6 silver javelins
Armour
 g - a +3 leather armour of poison resistance
 h - the +2 hat "Deatoghu" {Str+2}
   (You found it in a Gauntlet)

   Str+2:     It affects your strength (+2).
 j - the +0 cloak "Jodd" {Regen+ Str-4 Int+3}
   (You found it in a Gauntlet)

   Str-4:     It affects your strength (-4).
   Int+3:     It affects your intelligence (+3).
   Regen+:    It increases your rate of health regeneration.
 p - a +2 pair of boots (worn)
 z - the +2 cloak of the Thief (worn) {*Fog Slay-2 SInv Stlth+}
   (You acquired it on level 14 of the Dungeon)

   *Fog:      It may release a thick cloud of smoke when the wearer is hurt.
   Slay-2:    It affects your accuracy & damage with ranged weapons and melee
   (-2).
   SInv:      It lets you see invisible.
   Stlth+:    It makes you more stealthy.
 Q - the +1 robe of the Solstice (worn) {Archmagi}
   (You found it on level 2 of the Lair of Beasts)

   Archmagi:  It increases the power of your magical spells.
 U - a +2 helmet (worn)
Jewellery
 c - the amulet of Qiagaad (around neck) {Spirit rElec rF+ rN+ Dex+3}
   (You found it on level 5 of the Lair of Beasts)

   [amulet of guardian spirit]

   Spirit:    It causes incoming damage to be divided between your reserves of
   health and magic.
   Dex+3:     It affects your dexterity (+3).
   rF+:       It protects you from fire.
   rElec:     It insulates you from electricity.
   rN+:       It protects you from negative energy.
 d - a ring of protection from fire
 o - a ring of protection from fire (left hand)
 t - a +4 ring of slaying (right hand)
 v - a +6 ring of dexterity
 y - a ring of wizardry
 B - a ring of ice
 L - a +5 ring of evasion
 O - a ring of protection from cold
 S - a ring of resist corrosion
 T - a ring of protection from cold
 Z - a +6 ring of strength
Talismans
 A - a flux talisman
 J - a serpent talisman
Wands
 i - a wand of roots (12)
 u - a wand of digging (3)
 C - a wand of flame (25)
 D - a wand of charming (9)
 R - a wand of quicksilver (12)
 W - a wand of mindburst (8)
Scrolls
 a - 5 scrolls of fog
 l - 5 scrolls of teleportation
 s - 2 scrolls of immolation
 x - 2 scrolls of revelation
 H - 3 scrolls of blinking
 M - 2 scrolls of poison
 Y - 2 scrolls of silence
Potions
 e - 5 potions of attraction
 f - 6 potions of curing
 w - 4 potions of mutation
 F - 3 potions of enlightenment
 G - 4 potions of brilliance
 N - 2 potions of resistance
 P - 2 potions of cancellation
 V - 2 potions of lignification
 X - 2 potions of magic


   Skills:
 + Level 10.4 Fighting
 + Level 9.8 Maces & Flails
 + Level 9.8 Dodging
 + Level 10.6 Stealth
 + Level 9.6 Spellcasting
 - Level 4.4 Conjurations
 * Level 6.8 Summonings
 * Level 1.1 Translocations
 - Level 4.1 Fire Magic
 - Level 8.8 Ice Magic


You had 12 spell levels left.
You knew the following spells:

 Your Spells              Type           Power      Damage    Failure   Level
a - Freeze                Ice            100%       1d10      1%          1
b - Frozen Ramparts       Ice            100%       1d16      1%          3
c - Ozocubu's Armour      Ice            61%        N/A       1%          3
d - Blink                 Tloc           42%        N/A       7%          2
e - Foxfire               Conj/Fire      100%       2x1d9     1%          1
f - Summon Ice Beast      Ice/Summ       57%        N/A       3%          4
g - Confusing Touch       Hex            14%        N/A       22%         3
h - Swiftness             Air            14%        N/A       22%         3

Your spell library contained the following spells:

 Spells                   Type           Power      Damage    Failure   Level
 Summon Small Mammal      Summ           100%       N/A       1%          1
 Ensorcelled Hibernation  Hex/Ice        80%        N/A       1%          2
 Call Canine Familiar     Summ           53%        N/A       1%          3
 Hailstorm                Conj/Ice       52%        3d12      1%          3
 Kiss of Death            Conj/Necr      100%       2d13      3%          1
 Summon Guardian Golem    Hex/Summ       35%        N/A       5%          3
 Lesser Beckoning         Tloc           42%        N/A       7%          2
 Necrotise                Necr           56%        1d6       8%          1
 Passwall                 Tmut/Erth      11%        N/A       11%         2
 Gell's Gravitas          Tloc           21%        N/A       14%         3
 Teleport Other           Tloc           21%        N/A       14%         3
 Vampiric Draining        Necr           14%        2d7       22%         3
 Summon Forest            Summ/Tloc      19%        N/A       36%         5
 Manifold Assault         Tloc           21%        N/A       41%         4
 Summon Mana Viper        Hex/Summ       35%        N/A       43%         5
 Summon Cactus Giant      Summ           26%        N/A       54%         6
 Dispel Undead            Necr           14%        3d10      58%         4
 Ozocubu's Refrigeration  Ice            30%        4d14      86%         7
 Starburst                Conj/Fire      20%        6d7       88%         6
 Agony                    Necr           14%        N/A       90%         5
 Plasma Beam              Fire/Air       13%        2x1d24    99%         6
 Dispersal                Tloc           10%        N/A       100%        6
 Disjunction              Tloc           10%        N/A       100%        8


Dungeon Overview and Level Annotations

Branches:
Dungeon (14/15)            Temple (0/1) D:6            Lair (5/5) D:9
  Swamp (0/4) Lair:3       Spider (0/4) Lair:2        Slime (0/5) Lair:5
    Orc (0/2) D:11        Gauntlet (visited)
 Vaults: D:13-14

Altars:
Ashenzari
Cheibriados
Dithmenos
Gozag
Hepliaklqana
Makhleb
Sif Muna
Uskayaw
Vehumet
Xom
Yredelemnul
Ignis

Shops:
D:1 :   D:2 (   D:5 [   D:8 *   D:10 (   D:14 :

Annotations:
D:14 Agnes
Lair:1 2 transporters, MrSquiggles's ghost, journeyman OpEn


Innate Abilities, Weirdness & Mutations

You have an unnaturally thin skeletal structure. (Dex +6, Stealth+++)
You sometimes gain power by taking damage.
You are partially covered in sharp spines.
You have a tail ending in a sharp stinger.


Message History

* * * LOW HITPOINT WARNING * * *
With a swish of your cloak, you release a cloud of fog.
You focus on the pain.
You feel your power returning. Agnes draws strength from your wounds!
Aiming: Mindburst
Press: ? - help, Shift-Dir - straight line, f - Agnes
Aim: Agnes, wielding a +1 vampiric lajatang and wearing a +1 robe of cold resistance (grey smoke, lightly wounded, chance to confuse on hit: 1%, chance to affect: 6%) Agnes resists with almost no effort.
Agnes closely misses you. Agnes misses you.
Blink to where?
Press: ? - help, Dir - move target, p - Agnes You can't see that place. [a stone staircase leading down.]
Okay, then.
Casting: Confusing Touch (dangerous; 22% risk of failure)
Confirm with . or Enter, or press ? or * to list all spells.
You feel a surge of power!
You blink.
You start to feel a little slower.
Agnes hits you with a +1 vampiric lajatang!
* * * LOW HITPOINT WARNING * * *
Agnes draws strength from your wounds!
Okay, then.
You are mighty.
Your hands are glowing red.
Expiring: You can move swiftly.
You are unable to blink.
Your actions are hasted.
Your movement speed is aided by the wind and very quick.
Your attack delay is about 0.9.
Your damage rating with your +5 broad axe of flaming is about 24 (Base 13 x 100% (Str) x 131% (Skill) + 7 (Ench + Slay)).
Your base attributes are Str 10, Int 20, Dex 20.
Unknown command.
Throw: 6 throwing nets
Press: ? - help, Q - select action, (/) - cycle Shift-Dir - straight line, f/p - Agnes
Aim: Agnes, wielding a +1 vampiric lajatang and wearing a +1 robe of cold resistance (grey smoke, chance to confuse on hit: 1%, 39% to hit)
Okay, then.
Throw: 6 throwing nets
Press: ? - help, Q - select action, (/) - cycle Shift-Dir - straight line, f/p - Agnes
Aim: Agnes, wielding a +1 vampiric lajatang and wearing a +1 robe of cold resistance (grey smoke, chance to confuse on hit: 1%, 39% to hit)
You throw a throwing net. The throwing net closely misses Agnes.
Agnes hits you with a +1 vampiric lajatang!!
You die...
Agnes says, "May you follow the Path of Peace in your next life."

*,,,,,,,,,,,,,,,*****
#.>.........,,,,*
#...........,,,,*
#...........,,,,*
#...........,,,,*
#...........,,,,*
#§§§§§......,,,,**###
#§§i§§......,,,,,,...
#§§§@§......,,,,,,,..
#§##########*******#.
#§# #. #.# #. #.# #.
#.##################.
#....)...............
#....)...............
#..##################


You could see Agnes.

Vanquished Creatures
  Snorg (Lair:4)
  A fire dragon (Lair:5)
  The ghost of Xablec the Thaumaturge, a journeyman DEEE of Ashenzari (Lair:4)
  Erolcha (D:9)
  A centaur warrior (D:14)
  6 hydras
  4 boulder beetles
  3 two-headed ogres
  5 death yaks (Lair:4)
  Urug (Lair:3)
  2 lindwurms
  Pikel (D:8)
  A necromancer (Gauntlet)
  2 deep elf pyromancers
  2 manticores
  2 ugly things
  3 cyclopes
  6 elephants
  A shining eye (Lair:2)
  A guardian serpent (shapeshifter) (D:8)
  11 black mambas
  3 molten gargoyles (Lair:5)
  Maggie (Lair:1)
  5 cane toads
  2 rime drakes
  An efreet (D:14)
  4 polar bears
  11 komodo dragons
  10 trolls
  Grinder (D:6)
  3 hornets
  18 blink frogs
  Sigmund (D:5)
  3 dream sheep (Lair:5)
  3 centaur simulacra (Gauntlet)
  10 slime creatures (D:12)
  8 wyverns
  2 vampires
  A wraith (D:11)
  3 basilisks
  49 yaks
  Grum (D:11)
  Menkaure (D:5)
  6 steam dragons
  5 vampire mosquitoes (D:13)
  A warg (D:11)
  Edmund (D:4)
  2 acid dragons
  12 water moccasins
  3 hell hounds
  2 sky beasts
  A hornet zombie (D:7)
  3 orc warriors
  A black bear (Lair:2)
  6 wolves
  6 centaurs
  An ogre (D:6)
  3 phantoms
  Blork the orc (D:5)
  5 kobold brigands
  4 gnoll sergeants (D:5)
  4 bullfrogs
  A wyvern zombie (D:7)
  13 scorpions
  10 wights
  A cane toad simulacrum (Gauntlet)
  A killer bee (D:8)
  8 howler monkeys
  5 electric eels
  7 lava snakes
  3 centaur zombies (D:7)
  A bullfrog zombie (D:7)
  8 orc priests
  4 jellies
  4 gnoll boudas
  4 hounds
  A sleepcap (D:7)
  Ijyb (D:4)
  5 iguanas
  13 orc wizards
  A killer bee zombie (D:7)
  35 gnolls
  10 adders
  A shadow imp (D:6)
  A white imp (D:5)
  4 worms
  A dart slug (D:5)
  41 orcs
  8 endoplasms
  3 giant cockroaches
  3 goblins
  3 hobgoblins
  12 jackals
  2 quokkas (D:4)
  8 ball pythons
  6 bats
  2 frilled lizards
  28 kobolds
  6 rats
529 creatures vanquished.

Vanquished Creatures (collateral kills)
  3 dream sheep (Lair:5)
  A wyvern (Lair:1)
  4 foxfires
8 creatures vanquished.

Vanquished Creatures (others)
  A yak zombie (Lair:4)
  An orc (D:11)
  An orc zombie (D:7)
  422 foxfires
425 creatures vanquished.

Grand Total: 962 creatures vanquished

Notes
Turn   | Place    | Note
-------+----------+-------------------------------------------
     0 | D:1      | croobank the Demonspawn Ice Elementalist began the quest
                  | for the Orb.
     0 | D:1      | Reached XP level 1. HP: 13/13 MP: 3/3
   205 | D:1      | Found Kiakuh's Book Emporium.
   259 | D:1      | Gained mutation: You sometimes gain a little power by
                  | taking damage. [demonic ancestry]
   259 | D:1      | Reached XP level 2. HP: 18/19 MP: 3/5
   895 | D:2      | Found Fycink's Antique Weapon Emporium.
  1011 | D:2      | Reached XP level 3. HP: 16/25 MP: 2/6
  1161 | D:2      | Found a faded altar of an unknown god.
  1173 | D:2      | Prayed at the altar of an unknown god.
  1173 | D:2      | Became a worshipper of Ignis, the Dying Flame
  1238 | D:2      | Reached skill level 1 in Fighting
  1332 | D:2      | Gained mutation: You have a somewhat thin skeletal
                  | structure. (Dex +2, Stealth+) [demonic ancestry]
  1332 | D:2      | Reached XP level 4. HP: 30/32 MP: 0/7
  1556 | D:3      | Found a broken altar of Ashenzari.
  1575 | D:3      | Learned a level 3 spell: Frozen Ramparts
  1579 | D:3      | Learned a level 3 spell: Ozocubu's Armour
  1580 | D:3      | Found a shimmering altar of Xom.
  1583 | D:3      | Found a shimmering altar of Xom.
  1583 | D:3      | Found a snail-covered altar of Cheibriados.
  1585 | D:3      | Found a basalt altar of Yredelemnul.
  1585 | D:3      | Found a shadowy altar of Dithmenos.
  1585 | D:3      | Found a hazy altar of Hepliaklqana.
  1727 | D:3      | Found a radiant altar of Vehumet.
  2674 | D:4      | Noticed Ijyb
  2683 | D:4      | Killed Ijyb
  2684 | D:4      | Reached XP level 5. HP: 23/38 MP: 1/9
  2852 | D:4      | Noticed Edmund
  2864 | D:4      | Killed Edmund
  2865 | D:4      | Reached XP level 6. HP: 40/44 MP: 1/10
  3269 | D:4      | Gained mutation: You have a small tail. [demonic ancestry]
  3269 | D:4      | Reached XP level 7. HP: 41/51 MP: 3/12
  3275 | D:4      | Reached skill level 1 in Maces & Flails
  3978 | D:5      | Entered Level 5 of the Dungeon
  3991 | D:5      | Reached skill level 5 in Ice Magic
  4217 | D:5      | Gained mutation: You are partially covered in sharp spines.
                  | [demonic ancestry]
  4217 | D:5      | Reached XP level 8. HP: 58/58 MP: 3/14
  4568 | D:5      | Identified the +9 rapier "Qyod" {antimagic, rN+ Str+3}
  4674 | D:5      | Noticed Menkaure
  4679 | D:5      | Killed Menkaure
  5222 | D:5      | Found Cetunk's Armour Shoppe.
  5291 | D:5      | Noticed Sigmund
  5415 | D:5      | Killed Sigmund
  5416 | D:5      | Reached skill level 5 in Stealth
  5438 | D:5      | Noticed Blork the orc
  5447 | D:5      | Killed Blork the orc
  5448 | D:5      | Gained mutation: You have a moderately thin skeletal
                  | structure. (Dex +4, Stealth++) [demonic ancestry]
  5448 | D:5      | Reached XP level 9. HP: 42/66 MP: 16/16
  5945 | D:5      | Found a hide-covered altar of Uskayaw.
  5991 | D:5      | Found a burning altar of Makhleb.
  6621 | D:6      | Found a staircase to the Ecumenical Temple.
  6698 | D:6      | Noticed Grinder
  6702 | D:6      | Paralysed by Grinder for 2 turns
  6708 | D:6      | Killed Grinder
  7070 | D:6      | Reached skill level 5 in Dodging
  7070 | D:6      | Reached skill level 5 in Spellcasting
  7162 | D:6      | Reached skill level 5 in Fighting
  7452 | D:6      | Reached skill level 5 in Maces & Flails
  7772 | D:7      | Found a snail-covered altar of Cheibriados.
  8448 | D:7      | Learned a level 2 spell: Blink
  8450 | D:7      | Learned a level 1 spell: Foxfire
  8466 | D:7      | Found an opulent altar of Gozag.
  8480 | D:7      | Reached XP level 10. HP: 76/76 MP: 18/18
  8995 | D:7      | Found a basalt altar of Yredelemnul.
  9314 | D:8      | a shapeshifter changed into a guardian serpent
  9314 | D:8      | Noticed a guardian serpent (shapeshifter)
  9323 | D:8      | Killed a guardian serpent
  9651 | D:8      | Found Qunef's General Store.
  9810 | D:8      | Noticed Pikel
  9822 | D:8      | Killed Pikel
 10336 | D:9      | Noticed a two-headed ogre
 10347 | D:9      | Killed a two-headed ogre
 10650 | D:9      | Found a staircase to the Lair.
 11379 | D:9      | Gained mutation: You have an unnaturally thin skeletal
                  | structure. (Dex +6, Stealth+++) [demonic ancestry]
 11379 | D:9      | Reached XP level 11. HP: 68/83 MP: 13/20
 11420 | D:9      | Identified the +1 leather armour "Roes" {Harm rPois}
 11599 | D:9      | Noticed Erolcha
 11606 | D:9      | Killed Erolcha
 11955 | D:10     | Entered Level 10 of the Dungeon
 12291 | D:10     | Found Tucesaez's Antique Weapon Boutique.
 12818 | D:11     | Noticed Grum
 12832 | D:11     | Killed Grum
 12852 | D:11     | Found a staircase to the Orcish Mines.
 12857 | D:11     | HP: 2/84 [cyclops/large rock (39)]
 13357 | D:11     | Identified the +0 leather armour "Afulufas" {rCorr}
 13965 | D:11     | Noticed a deep elf pyromancer
 13989 | D:11     | Killed a deep elf pyromancer
 14551 | D:11     | Found a shimmering blue altar of Sif Muna.
 15422 | D:12     | Noticed a boulder beetle
 15586 | Lair:1   | Entered Level 1 of the Lair of Beasts
 15616 | Lair:1   | Gained mutation: You sometimes gain power by taking damage.
                  | [demonic ancestry]
 15616 | Lair:1   | Reached XP level 12. HP: 74/92 MP: 16/23
 15766 | Lair:1   | Noticed Maggie
 15776 | Lair:1   | Killed Maggie
 15926 | Lair:1   | Found a transporter.
 15965 | Lair:1   | Found a transporter.
 16095 | Lair:1   | Noticed MrSquiggles's ghost (journeyman OpEn)
 17204 | Lair:2   | Noticed a seven-headed hydra
 17208 | Lair:2   | Killed a seven-headed hydra
 18053 | Lair:2   | Noticed a boulder beetle
 18066 | Lair:2   | Reached skill level 1 in Summonings
 18074 | Lair:2   | Killed a boulder beetle
 18387 | Lair:2   | Found a hole to the Spider Nest.
 18396 | Lair:2   | Identified the +1 robe of the Solstice {Archmagi}
 19212 | Lair:3   | Found a staircase to the Swamp.
 19815 | Lair:3   | Gained mutation: You have a tail ending in a sharp stinger.
                  | [demonic ancestry]
 19815 | Lair:3   | Reached XP level 13. HP: 79/101 MP: 12/25
 20369 | Lair:3   | Noticed Urug
 20384 | Lair:3   | Killed Urug
 20837 | D:8      | Bought a scroll of identify for 22 gold pieces
 21437 | Lair:4   | Noticed Snorg
 21443 | Lair:4   | Killed Snorg
 22046 | Lair:4   | Noticed Xablec's ghost (journeyman DEEE)
 22050 | Lair:4   | Found a runed translucent door.
 22177 | Lair:4   | Reached skill level 5 in Summonings
 22207 | Lair:4   | Killed Xablec's ghost
 22428 | Lair:5   | Entered Level 5 of the Lair of Beasts
 22703 | Lair:5   | Reached skill level 10 in Stealth
 22815 | Lair:5   | Found a staircase to the Slime Pits.
 22817 | Lair:5   | Identified the amulet of Qiagaad {Spirit rElec rF+ rN+
                  | Dex+3}
 23469 | Lair:5   | Reached skill level 1 in Conjurations
 23470 | Lair:5   | Reached skill level 1 in Fire Magic
 23522 | Lair:5   | Learned a level 4 spell: Summon Ice Beast
 24164 | Lair:5   | Reached skill level 10 in Fighting
 24179 | Lair:5   | Reached XP level 14. HP: 57/110 MP: 9/27
 25035 | Lair:5   | Found a large runed translucent door.
 25035 | Lair:5   | Found a large runed translucent door.
 26812 | D:13     | Identified the +1 falchion of a sewer {flame, rC++ Str+3}
 28014 | D:14     | Found Joomounn's Self-Improvement Boutique.
 28039 | D:14     | Found a gate leading to a gauntlet.
 28059 | Gauntlet | Entered a Gauntlet
 28059 | Gauntlet | Found a large runed translucent door.
 28059 | Gauntlet | Found a large runed translucent door.
 28059 | Gauntlet | Found a large runed translucent door.
 28059 | Gauntlet | Found a large runed translucent door.
 28059 | Gauntlet | Found a runed translucent door.
 28059 | Gauntlet | Found a large runed translucent door.
 28059 | Gauntlet | Found a large runed translucent door.
 28059 | Gauntlet | Found a transporter.
 28059 | Gauntlet | Found a transporter.
 28059 | Gauntlet | Found a large runed translucent door.
 28059 | Gauntlet | Found a large runed translucent door.
 28059 | Gauntlet | Found a runed translucent gate.
 28059 | Gauntlet | Found a runed translucent gate.
 28059 | Gauntlet | Found a transporter.
 28059 | Gauntlet | Found a transporter.
 28060 | Gauntlet | Found a runed translucent door.
 28060 | Gauntlet | Found a runed translucent gate.
 28064 | Gauntlet | Found a transporter.
 28069 | Gauntlet | Found a large runed translucent door.
 28069 | Gauntlet | Found a large runed translucent door.
 28070 | Gauntlet | Found a large runed translucent door.
 28071 | Gauntlet | Found a large runed translucent door.
 28076 | Gauntlet | Found a transporter.
 28086 | Gauntlet | Found a large runed translucent door.
 28086 | Gauntlet | Found a large runed translucent door.
 28087 | Gauntlet | Found a large runed translucent door.
 28088 | Gauntlet | Found a large runed translucent door.
 28113 | Gauntlet | Found a transporter.
 28117 | Gauntlet | Found a transporter.
 28120 | Gauntlet | Found the +12 glaive of Prune {freeze, Prune}
 28130 | Gauntlet | Found a transporter.
 28151 | Gauntlet | Found a transporter.
 28155 | Gauntlet | Found a transporter.
 28158 | Gauntlet | Found a transporter.
 28332 | Gauntlet | Learned a level 3 spell: Confusing Touch
 28336 | Gauntlet | Learned a level 3 spell: Swiftness
 28486 | Gauntlet | Identified the +0 cloak "Jodd" {Regen+ Str-4 Int+3}
 28699 | Gauntlet | Identified the +2 hat "Deatoghu" {Str+2}
 28968 | D:14     | Identified a scroll of acquirement
 28999 | D:14     | Acquired the +2 cloak of the Thief {*Fog Slay-2 SInv
                  | Stlth+}
 28999 | D:14     | Found the +2 cloak of the Thief {*Fog Slay-2 SInv Stlth+}
 29105 | D:14     | Reached skill level 1 in Translocations
 29241 | D:14     | Noticed Agnes
 29257 | D:14     | Slain by Agnes

Illustrated notes

Levels and vault maps discovered:
D:1:      nicolae_arrival_memento_mori, layout_rooms, serial_shops,
          nicolae_book_shop_shelving, nicolae_titane
D:2:      layout_basic, serial_shops, shop, ebering_ecumenical_altar_ruins,
          minmay_pentomino_x2
D:3:      layout_basic, vehumet_crystals, ashenzari_conservatory_becter,
          doesnt_xom_only_xom, mainiacjoe_overflow_paths, serial_curves,
          eino_curves_03, eino_curves_01
D:4:      minmay_skewed_foursquare, layout_rooms, chequers_serial_rivers_room_a,
          uniq_ijyb, uniq_edmund
D:5:      layout_cave_pools, nicolae_uskayaw_murder_on_the_dancefloor,
          mainiacjoe_overflow_brackets, serial_gnoll_camp, gnoll_camp_mini_shop,
          gnoll_camp_huts_basic, gnoll_camp_mini_loothouse,
          gnoll_camp_mini_house, gnoll_camp_mini_house, gnoll_camp_mini_hut,
          uniq_blork_the_orc, uniq_menkaure, uniq_sigmund
D:6:      layout_basic, temple_green, amcnicky_mini_rare_corridor_liquid,
          uniq_grinder
D:7:      layout_basic, nicolae_gozag_seed_capital,
          nicolae_yredelemnul_corpse_copse, cheibriados_altar_1,
          grunt_ministairs_3
D:8:      minmay_inner_zag, layout_gridville, serial_shops,
          nicolae_shop_tiny_statue_garden, uniq_pikel
D:9:      layout_grid_maze, lair_entry_dummy, nicolae_zig_zag_zippers,
          uniq_erolcha
D:10:     layout_loops_cross, serial_shops, nicolae_shop_just_a_little_nook
D:11:     layout_loops_corners, erik_orc_3, tgw_sif, uniq_grum
D:12:     layout_loops_ring, kennysheep_opposing_triangles
D:13:     layout_stronghold
D:14:     layout_long_grid, grunt_vaults_entry_tiered, gauntlet_entry_generic,
          nicolae_shop_self_help, uniq_agnes
Lair:1:   layout_regular_city, gammafunk_ghost_hive, st_stairs_5, uniq_maggie
Lair:2:   layout_loops_ring, nicolae_spider_entry_non_spiders,
          chequers_serial_rivers_micro_e, serial_bayou_lagoon_a, minivault_19
Lair:3:   layout_regular_city, minmay_swamp_entry_eels, uniq_urug
Lair:4:   layout_misc_corridors, hellmonk_ghost_happy_afterlife,
          lemuel_fruit_tree, uniq_snorg
Lair:5:   cheibrodos_lair_end_hotspot, layout_gridlike, slime_entry_1

Skill      XL: |  1  2  3  4  5  6  7  8  9 10 11 12 13 14 |
---------------+-------------------------------------------+-----
Stealth        | 2 3 4 5 6 7 8 9 10 | 10.6
Dodging        | 2 3 4 5 6 7 8 9 |  9.8
Fighting       | 1 2 3 4 5 6 8 9 10 | 10.4
Ice Magic      | 4 5 6 7 8 |  8.8
Spellcasting   | 3 4 5 6 7 8 9 |  9.6
Maces & Flails | 2 4 5 6 7 8 9 |  9.8
Summonings     | 2 6 |  6.8
Conjurations   | 2 4 |  4.4
Fire Magic     | 2 4 |  4.1
Translocations | 1 |  1.1

Action                     |  1- 3 |  4- 6 |  7- 9 | 10-12 | 13-15 || total
---------------------------+-------+-------+-------+-------+-------++-------
  Melee: Short sword       |    34 |       |       |       |       ||    34
         Dagger            |    15 |    43 |    64 |     2 |       ||   124
         Trident           |       |     2 |    44 |    20 |       ||    66
         Tailslap          |       |       |    47 |    71 |    77 ||   195
         Punch             |       |       |     6 |     6 |     5 ||    17
         Rapier            |       |       |    29 |       |       ||    29
         Spear             |       |       |     9 |       |       ||     9
         Flail             |       |       |    87 |   350 |   253 ||   690
         Broad axe         |       |       |       |       |    86 ||    86
  Throw: Javelin           |       |       |     9 |       |       ||     9
         Throwing net      |       |       |       |       |     1 ||     1
   Cast: Freeze            |    37 |     5 |     2 |       |       ||    44
         Ozocubu's Armour  |       |    12 |    16 |    46 |    45 ||   119
         Frozen Ramparts   |       |    14 |    24 |    35 |    44 ||   117
         Foxfire           |       |       |       |    91 |   156 ||   247
         Summon Ice Beast  |       |       |       |       |     4 ||     4
         Confusing Touch   |       |       |       |       |     5 ||     5
         Swiftness         |       |       |       |       |     2 ||     2
         Blink             |       |       |       |       |     1 ||     1
 Invoke: Foxfire Swarm     |       |       |       |       |     1 ||     1
  Evoke: Wand              |       |     2 |     4 |     9 |     7 ||    22
    Use: Scroll            |       |     7 |    14 |     6 |    19 ||    46
         Potion            |       |     1 |     3 |     4 |     6 ||    14
   Stab: Sleeping          |     6 |     3 |    14 |    21 |     9 ||    53
         Distracted        |       |       |     3 |     4 |       ||     7
         Petrifying        |       |       |       |     1 |     1 ||     2
         Confused          |       |       |       |     1 |     2 ||     3
         Petrified         |       |       |       |     1 |       ||     1
         Paralysed         |       |       |       |       |     1 ||     1
 Armour: Robe              |    41 |    26 |   112 |    44 |   262 ||   485
         Steam dragon scal |       |       |    11 |    85 |       ||    96
         Leather armour    |       |       |       |   176 |       ||   176
  Dodge: Dodged            |    67 |    36 |   169 |   323 |   331 ||   926

Table legend: (Time is in decaauts)
 A = Elapsed time spent in this place.
 B = Non-inter-level travel time spent in this place.
 C = Inter-level travel time spent in this place.
 D = Time resting spent in this place.
 E = Time spent auto-exploring this place.
 F = Levels seen in this place.
 G = Mean time per level.
                   A        B        C        D        E       F      G
               +--------+--------+--------+--------+--------+-----+--------+
         Total |  29310 |  28204 |   1106 |   8561 |  14886 |  20 | 1465.5 |
       Dungeon |  18801 |  18006 |    795 |   4790 |  10365 |  14 | 1342.9 |
          Lair |   9861 |   9551 |    310 |   3529 |   4521 |   5 | 1972.2 |
      Gauntlet |    648 |    648 |      0 |    241 |      0 |   1 |  648.0 |
               +--------+--------+--------+--------+--------+-----+--------+

Top non-repeatable levels by time:
  Lair:5: 2733 daAuts
  Lair:3: 2656 daAuts
     D:5: 2379 daAuts
    D:11: 2176 daAuts
    D:12: 1836 daAuts
     D:9: 1692 daAuts
  Lair:1: 1665 daAuts
  Lair:2: 1611 daAuts
     D:4: 1509 daAuts
     D:7: 1432 daAuts
    D:13: 1261 daAuts
     D:8: 1250 daAuts
     D:6: 1228 daAuts
  Lair:4: 1193 daAuts
     D:3: 1152 daAuts
